 Dungeon Crawl Stone Soup version 0.31.0-11-ge490571c62 (webtiles) character file.

Game seed: 1911380663322587103

15498 Drazool the Grappler (level 12, -5/109 HPs)
             Began as a Naga Shapeshifter on Feb 4, 2024.
             Was an Elder of Makhleb.
             Slain by an eight-headed hydra (15 damage)
             ... on level 2 of the Lair of Beasts.
             The game lasted 00:51:04 (13819 turns).

Drazool the Grappler (Naga Shapeshifter)           Turns: 13819, Time: 00:51:06

Health: -5/109     AC:  6    Str: 18    XL:     12   Next: 27%
Magic:  16/16      EV: 17    Int: 12    God:    Makhleb [****..]
Gold:   701        SH:  0    Dex: 13    Spells: 11/11 levels left

rFire   . .          .
                       - Unarmed
rCold   . . .        (shield currently unavailable)
rNeg    . . .        J - melded +3 leather armour
rPois   +            f - +0 helmet
rElec   .            x - scarf {repulsion}
rCorr   .            M - +0 pair of gloves
SInv    +            (no barding)
Will    +....        a - amulet of the acrobat
Stlth   +            Z - ring of wizardry
HPRegen 0.38/turn    (no ring)
MPRegen 0.15/turn

%: repel missiles, acrobat, wizardry (x1)
@: flux-form, glowing, very slow
A: glow, contaminating, AC +4, large, see invisible, deformed body, poison
resistance, slowness 2, spit poison 1, naga tail 1
a: Spit Poison, Begin Untransformation, Renounce Religion, Minor Destruction,
Lesser Servant of Makhleb, Major Destruction


You were on level 2 of the Lair of Beasts.
You worshipped Makhleb.
Makhleb was greatly pleased with you.
You were something dangerously unstable.
You visited 2 branches of the dungeon, and saw 12 of its levels.

You collected 701 gold pieces.


Innate Abilities, Weirdness & Mutations

You are something dangerously unstable.
You glow with magical radiation, making you easy to see and hit.
Foes you strike become dangerously contaminated with magical radiation.
You are incapable of wielding weapons or throwing items.
Your serpentine skin is tough. (AC +4)
You have supernaturally acute eyesight. (SInv)
Armour fits poorly on your strangely shaped body.
Your system is resistant to poisons. (rPois)
You cover ground very slowly.
You can spit poison.
You have a snake-like lower body.


   Skills:
 - Level 7.0 Fighting
 - Level 9.0 Dodging
 - Level 3.0 Stealth
 - Level 10.0 Unarmed Combat
 - Level 6.0 Invocations
 - Level 5.0 Evocations
 + Level 9.0 Shapeshifting


You had 11 spell levels left.
You didn't know any spells.
Your spell library contained the following spells:

 Spells                   Type           Power      Damage    Failure   Level
 Lesser Beckoning         Tloc           0%         N/A       21%         2
 Gell's Gravitas          Tloc           0%         N/A       36%         3
 Stone Arrow              Conj/Erth      0%         3d7       36%         3
 Teleport Other           Tloc           0%         N/A       36%         3
 Animate Armour           Summ/Erth      0%         N/A       75%         4
 Animate Dead             Necr           0%         N/A       75%         4
 Cause Fear               Hex            0%         N/A       75%         4
 Leda's Liquefaction      Alch/Erth      0%         N/A       75%         4
 Fireball                 Conj/Fire      0%         3d3       97%         5
 Iskenderun's Battlesphe  Conj           0%         2d6       97%         5
 Lee's Rapid Deconstruct  Erth           0%         3d4*      97%         5
 Bombard                  Conj/Erth      0%         9d1       100%        6
 Dispersal                Tloc           0%         N/A       100%        6
 Haunt                    Necr/Summ      0%         N/A       100%        7
 Spellforged Servitor     Conj/Summ      0%         N/A       100%        7
 Infestation              Necr           0%         N/A       100%        8
 Lehudib's Crystal Spear  Conj/Erth      0%         10d2      100%        8
 Dragon's Call            Summ           0%         N/A       100%        9

Inventory:

Missiles
 t - 3 throwing nets {=f}
Armour
 f - a +0 helmet (worn)
 l - a +0 chain mail of poison resistance
 r - a +0 cloak
 x - a scarf of repulsion (worn)
 J - a +3 leather armour (melded)
 M - a +0 pair of gloves (worn)
Magical Staves
 y - a staff of air {!a}
Jewellery
 a - an amulet of the acrobat (around neck)
 K - an amulet of regeneration
 Z - a ring of wizardry (left hand)
Talismans
 c - a beast talisman
 d - a flux talisman (active)
Wands
 k - a wand of charming (36)
 B - a wand of polymorph (6)
 F - a wand of iceblast (19)
 H - a wand of flame (23)
Scrolls
 e - 3 scrolls of enchant armour
 j - a scroll of revelation
 p - a scroll of enchant weapon {unknown}
 s - 2 scrolls of fear
 u - a scroll of vulnerability {unknown}
 v - a scroll of poison {unknown}
 w - a scroll of immolation
 A - 2 scrolls of teleportation {unknown}
 C - a scroll of blinking {unknown}
 L - 2 scrolls of fog {unknown}
 O - a scroll of summoning {unknown}
Potions
 b - 2 potions of lignification
 g - 2 potions of mutation {unknown}
 h - 3 potions of enlightenment
 i - 4 potions of curing {@q1}
 m - 2 potions of attraction
 n - a potion of resistance {unknown}
 o - 2 potions of heal wounds {@q2}
 q - 3 potions of brilliance
 z - 2 potions of haste {unknown}
 D - 2 potions of might {unknown}
 E - a potion of ambrosia {unknown}
 G - a potion of berserk rage {unknown}
 I - 2 potions of invisibility {unknown}
 N - a potion of magic {unknown}

Dungeon Overview and Level Annotations

Branches:
Dungeon (10/15)            Temple (0/1) D:7            Lair (2/5) D:8
 Shoals (0/4) Lair:2          Orc (0/2) D:10
  Snake: Lair:2-3    Spider: Lair:2-3

Altars:
Cheibriados
Dithmenos
Fedhas
Makhleb
Qazlal
Trog
Vehumet
Yredelemnul

Shops:
D:4 :   D:6 :   D:9 *

Annotations:
D:6 1 runed translucent door, Crazy Yiuf

#.............................
##..........###...............
#..........#...P.............
#..........+.............#.##
###....<.......................
......##.........P..######.....
.....###.#..##.#.#..# ....
.....P###..#....D#.## ...
.....P# #.......p### ....†##
##.#......## ......#
#.+...8...## ......#
##........## .....P#
#######......##
##.Fh####..######..8..## #.
.......#..#............#..8
.####......................
##~~~##.......8..8.<.8....>


You could see an eight-headed hydra (heavy contam).


Message History

The eight-headed hydra bites you.
* * * LOW HITPOINT WARNING * * *
The eight-headed hydra bites you!
* * * LOW HITPOINT WARNING * * *
The eight-headed hydra bites you but does no damage.
Your neqoxec hits the eight-headed hydra.
Unknown command.
The eight-headed hydra bites your neqoxec but does no damage.
The eight-headed hydra bites your neqoxec! x2
The eight-headed hydra bites your neqoxec but does no damage.
The eight-headed hydra bites your neqoxec!
Your neqoxec dies!
Your neqoxec disappears in a puff of smoke!
You hit the eight-headed hydra.
The eight-headed hydra glows dangerously bright.
The eight-headed hydra is heavily wounded.
You completely miss the eight-headed hydra.
The eight-headed hydra is heavily wounded.
The eight-headed hydra bites you but does no damage.
The eight-headed hydra bites you!
* * * LOW HITPOINT WARNING * * *
The eight-headed hydra bites you!
* * * LOW HITPOINT WARNING * * *
The eight-headed hydra bites you but does no damage.
The eight-headed hydra bites you.
* * * LOW HITPOINT WARNING * * *
The eight-headed hydra bites you!
* * * LOW HITPOINT WARNING * * *
The eight-headed hydra bites you!
You die...

Skill      XL: |  1  2  3  4  5  6  7  8  9 10 11 12 |
---------------+-------------------------------------+-----
Unarmed Combat | 4 5 7 8 10 | 10.0
Shapeshifting  | 5 7 8 9 |  9.0
Fighting       | 3 4 5 7 |  7.0
Dodging        | 2 3 5 7 9 |  9.0
Invocations    | 4 5 6 |  6.0
Stealth        | 3 |  3.0
Evocations     | 4 5 |  5.0

Action                     |  1- 3 |  4- 6 |  7- 9 | 10-12 || total
---------------------------+-------+-------+-------+-------++-------
  Melee: Unarmed           |    46 |    71 |   220 |   462 ||   799
         Punch             |       |     2 |     4 |       ||     6
 Invoke: Minor Destruction |       |       |    36 |    28 ||    64
         Lesser Servant of |       |       |    11 |    10 ||    21
Ability: Spit Poison       |    34 |    35 |    72 |    33 ||   174
  Evoke: Wand              |       |       |     2 |     5 ||     7
    Use: Potion            |       |     1 |     1 |     1 ||     3
         Scroll            |       |     3 |     5 |     2 ||    10
   Stab: Distracted        |       |       |     1 |       ||     1
 Armour: Animal skin       |    21 |    35 |    65 |       ||   121
         Skin              |       |     5 |    66 |   288 ||   359
  Dodge: Dodged            |    30 |    28 |   118 |   358 ||   534
         Repelled          |       |       |       |     2 ||     2
   Form: Flux              |       |       |     1 |     1 ||     2
         Beast             |       |       |       |     1 ||     1

Levels and vault maps discovered:
D:1:      heliophobic_arrival_ceremonial_halls, layout_basic,
          ebering_ecumenical_altar_box, minmay_heptomino_w4
D:2:      layout_basic, basic_altar
D:3:      layout_basic, minmay_hedge_maze, uniq_grinder
D:4:      layout_basic, serial_shops, shop, guppyfry_early_lair_pool
D:5:      layout_cave_pools, nicolae_dithmenos_through_a_glass_darkly,
          nicolae_overflow_hallway_of_the_gods
D:6:      layout_cave_pods, nicolae_stop_n_shop_1, minmay_fire_ice_demons,
          uniq_crazy_yiuf_cottage, uniq_duvessa, uniq_maggie
D:7:      layout_basic, kennysheep_slug_shrine, minmay_temple_entry_crystal_x,
          uniq_pikel
D:8:      layout_basic, dpeg_oklobed_lair, serial_bayou_pond_a
D:9:      layout_grid_maze, serial_shops, shop
D:10:     layout_loops_ring, zombieorc1_lemuel, uniq_urug
Lair:1:   layout_gridlike, st_stairs_12, beast_lair_carwin_11,
          grunt_megastairs_4, uniq_joseph
Lair:2:   layout_chaotic_city, minmay_shoals_entry_beasts, wad_woods_river_03,
          beast_lair_carwin_8, serial_bayou_shore_b, serial_bayou_shore_b,
          grunt_megastairs_3

Notes
Turn   | Place    | Note
-------+----------+-------------------------------------------
     0 | D:1      | Drazool the Naga Shapeshifter began the quest for the Orb.
     0 | D:1      | Reached XP level 1. HP: 18/18 MP: 1/1
    86 | D:1      | Found a faded altar of an unknown god.
    91 | D:1      | Reached XP level 2. HP: 25/25 MP: 2/2
    93 | D:1      | Prayed at the altar of an unknown god.
    93 | D:1      | Became a worshipper of Makhleb the Destroyer
    93 | D:1      | Reached * piety under Makhleb
   368 | D:1      | Reached skill level 4 in Unarmed Combat
   379 | D:1      | Reached XP level 3. HP: 31/31 MP: 3/3
   913 | D:2      | Found a radiant altar of Vehumet.
  1069 | D:2      | Reached XP level 4. HP: 31/38 MP: 4/4
  1111 | D:2      | Reached skill level 5 in Unarmed Combat
  1116 | D:2      | Reached ** piety under Makhleb
  1303 | D:3      | Noticed Grinder
  1327 | D:3      | Killed Grinder
  1328 | D:3      | Reached skill level 5 in Shapeshifting
  1328 | D:3      | Reached XP level 5. HP: 44/44 MP: 5/5
  1328 | D:3      | Reached XP level 6. HP: 51/51 MP: 6/6
  1422 | D:3      | Reached skill level 2 in Fighting
  2391 | D:4      | Reached skill level 3 in Fighting
  2450 | D:4      | Reached skill level 2 in Dodging
  2495 | D:4      | Reached XP level 7. HP: 58/62 MP: 7/7
  2591 | D:4      | Reached *** piety under Makhleb
  2850 | D:4      | Reached skill level 3 in Dodging
  3090 | D:4      | Reached skill level 1 in Invocations
  3177 | D:4      | Found Uwiysmank's Book Boutique.
  3227 | D:5      | Entered Level 5 of the Dungeon
  3348 | D:5      | Found a bloodstained altar of Trog.
  3354 | D:5      | Found a blossoming altar of Fedhas.
  3357 | D:5      | Found a radiant altar of Vehumet.
  3357 | D:5      | Found a basalt altar of Yredelemnul.
  3364 | D:5      | Found a stormy altar of Qazlal.
  3396 | D:5      | Reached skill level 2 in Invocations
  3626 | D:5      | Reached skill level 3 in Invocations
  3724 | D:5      | Found a shadowy altar of Dithmenos.
  3792 | D:5      | Reached skill level 4 in Invocations
  3840 | D:5      | Reached skill level 1 in Stealth
  3955 | D:5      | Reached skill level 3 in Stealth
  3955 | D:5      | Reached XP level 8. HP: 69/69 MP: 11/11
  4376 | D:6      | Reached skill level 6 in Unarmed Combat
  4578 | D:6      | Noticed Dowan
  4591 | D:6      | Killed Dowan
  4597 | D:6      | Noticed Duvessa
  4604 | D:6      | Killed Duvessa
  4605 | D:6      | Reached skill level 7 in Unarmed Combat
  4702 | D:6      | Found Willuahe's Book Emporium.
  4851 | D:6      | Reached skill level 6 in Shapeshifting
  5054 | D:6      | Noticed Maggie
  5065 | D:6      | Killed Maggie
  5066 | D:6      | Reached skill level 7 in Shapeshifting
  5066 | D:6      | Reached skill level 4 in Fighting
  5066 | D:6      | Reached XP level 9. HP: 60/78 MP: 12/12
  5443 | D:6      | Found a runed translucent door.
  5444 | D:6      | Noticed Crazy Yiuf
  5552 | D:7      | Reached skill level 5 in Fighting
  5659 | D:7      | Noticed Pikel
  5784 | D:7      | Found a staircase to the Ecumenical Temple.
  5916 | D:7      | Pikel changed into Pikel the wolf
  5916 | D:7      | Noticed Pikel
  5921 | D:7      | Killed Pikel the wolf
  5922 | D:7      | Reached skill level 4 in Dodging
  6055 | D:7      | Found a snail-covered altar of Cheibriados.
  6615 | D:8      | Found a staircase to the Lair.
  6672 | D:8      | Reached skill level 5 in Dodging
  7101 | D:8      | Reached skill level 8 in Unarmed Combat
  7171 | D:8      | HP: 7/81 [centaur/+0 short sword (7)]
  7532 | D:8      | Reached XP level 10. HP: 23/88 MP: 13/13
  7540 | D:8      | Reached skill level 9 in Unarmed Combat
  8150 | D:9      | Found Harymoh's General Store.
  8517 | D:9      | Reached skill level 10 in Unarmed Combat
  9114 | D:10     | Entered Level 10 of the Dungeon
  9153 | D:10     | Noticed a gargoyle
  9464 | D:10     | Reached skill level 8 in Shapeshifting
  9479 | D:10     | Noticed Urug
  9503 | D:10     | Killed Urug
  9627 | D:10     | Reached skill level 6 in Dodging
  9664 | D:10     | Noticed a kobold demonologist
  9690 | D:10     | Killed a kobold demonologist
  9864 | D:10     | Found a staircase to the Orcish Mines.
  9879 | D:10     | Reached **** piety under Makhleb
  9886 | D:10     | Reached skill level 7 in Dodging
  9914 | D:10     | Killed a gargoyle
  9915 | D:10     | Reached skill level 5 in Invocations
  9915 | D:10     | Reached XP level 11. HP: 69/94 MP: 13/15
 10448 | D:10     | Reached skill level 6 in Invocations
 10816 | Lair:1   | Entered Level 1 of the Lair of Beasts
 10818 | Lair:1   | Noticed Joseph
 10830 | D:8      | Reached skill level 6 in Fighting
 11105 | Lair:1   | Joseph changed into Joseph the naga
 11105 | Lair:1   | Noticed Joseph
 11117 | Lair:1   | Killed Joseph the naga
 11345 | Lair:1   | Reached skill level 7 in Fighting
 11889 | Lair:1   | Reached skill level 8 in Dodging
 12780 | Lair:2   | Noticed a manticore
 12780 | Lair:2   | Found a staircase to the Shoals.
 12787 | Lair:1   | Killed a manticore
 12788 | Lair:1   | Reached skill level 9 in Dodging
 12788 | Lair:1   | Reached skill level 1 in Evocations
 12937 | Lair:2   | Reached skill level 2 in Evocations
 13214 | Lair:1   | Reached skill level 3 in Evocations
 13306 | Lair:1   | Reached skill level 4 in Evocations
 13306 | Lair:1   | Reached XP level 12. HP: 109/109 MP: 16/16
 13347 | Lair:2   | Reached skill level 5 in Evocations
 13442 | Lair:2   | Noticed an eight-headed hydra
 13696 | Lair:1   | Reached skill level 9 in Shapeshifting
 13819 | Lair:2   | HP: 10/109 [eight-headed hydra (8)]
 13819 | Lair:2   | Slain by an eight-headed hydra

Vanquished Creatures
  Urug (D:10)
  A manticore (Lair:1)
  A black mamba (Lair:2)
  6 elephants
  A gargoyle (D:10)
  4 cane toads
  3 komodo dragons (Lair:1)
  A kobold demonologist (D:10)
  A rime drake (Lair:1)
  A hornet (D:9)
  A wind drake (Lair:2)
  Grinder (D:3)
  12 yaks
  2 shadows (D:10)
  A basilisk (Lair:1)
  A steam dragon (D:9)
  A naga (Lair:1)
  5 water moccasins
  A sky beast (D:7)
  2 orc warriors
  2 ice beasts
  3 black bears
  4 centaurs
  An ogre (D:6)
  12 wolves
  3 lemures (D:7)
  A phantom (D:7)
  7 bullfrogs
  2 scorpions
  10 killer bees (D:8)
  A troll zombie (D:10)
  A crimson imp (D:6)
  3 hounds
  3 bombardier beetles
  3 jellies
  A gnoll bouda (D:10)
  6 orc priests
  3 iguanas
  2 sleepcaps
  6 orc wizards
  5 ogre zombies (D:10)
  15 adders
  6 gnolls
  2 white imps
  3 dart slugs
  26 orcs
  8 endoplasms
  2 giant cockroaches
  2 gnoll zombies (D:10)
  7 goblins
  9 hobgoblins
  2 jackals (D:5)
  5 quokkas
  4 ball pythons
  9 bats
  2 frilled lizards (D:1)
  A gnoll skeleton (D:10)
  8 kobolds
  2 orc skeletons (D:10)
  13 orc zombies (D:10)
  10 rats
262 creatures vanquished.

Vanquished Creatures (collateral kills)
  A cane toad (Lair:1)
  Maggie (D:6)
  2 yaks (D:8)
  Duvessa (D:6)
  An ice beast (D:7)
  A black bear (Lair:1)
  An orc warrior (D:6)
  A lemure (D:7)
  A phantom (D:10)
  Dowan (D:6)
  A howler monkey (D:7)
  An orc priest (D:9)
  A gnoll bouda (D:5)
  6 gnolls
  A white imp (D:7)
  6 orcs
  2 jackals (D:5)
  An orc skeleton (D:10)
30 creatures vanquished.

Vanquished Creatures (others)
  An orc priest (D:10)
  2 gnolls
3 creatures vanquished.

Grand Total: 295 creatures vanquished

Table legend: (Time is in decaauts)
 A = Elapsed time spent in this place.
 B = Non-inter-level travel time spent in this place.
 C = Inter-level travel time spent in this place.
 D = Time resting spent in this place.
 E = Time spent auto-exploring this place.
 F = Levels seen in this place.
 G = Mean time per level.
                   A        B        C        D        E       F      G
               +--------+--------+--------+--------+--------+-----+--------+
         Total |  16675 |  15947 |    728 |   2477 |  10621 |  12 | 1389.6 |
       Dungeon |  13711 |  13163 |    548 |   1610 |   9289 |  10 | 1371.1 |
          Lair |   2963 |   2783 |    180 |    867 |   1331 |   2 | 1481.5 |
               +--------+--------+--------+--------+--------+-----+--------+

Top non-repeatable levels by time:
  Lair:1: 2627 daAuts
     D:8: 2003 daAuts
     D:6: 1667 daAuts
     D:9: 1664 daAuts
    D:10: 1662 daAuts
     D:3: 1340 daAuts
     D:7: 1325 daAuts
     D:5: 1197 daAuts
     D:4: 1153 daAuts
     D:1: 1025 daAuts
     D:2: 671 daAuts
  Lair:2: 336 daAuts

Table legend:
 A = Non-vault XP
 B = Vault XP
 C = Vault XP percentage of total XP
 D = Non-vault monster count
 E = Vault monster count
 F = Vault count percentage of total count
                 A         B        C        D         E       F
            +---------+---------+-------+---------+---------+-------
      Total |   15476 |    6665 |  30.1 |     228 |      63 |  21.6
            +---------+---------+-------+---------+---------+-------
        D:1 |      31 |      11 |  26.2 |      19 |       7 |  26.9
        D:2 |     100 |       0 |   0.0 |      17 |       0 |   0.0
        D:3 |     120 |     244 |  67.0 |      20 |       1 |   4.8
        D:4 |     222 |      27 |  10.8 |      24 |       2 |   7.7
        D:5 |     501 |       0 |   0.0 |      26 |       0 |   0.0
        D:6 |     930 |     648 |  41.1 |      17 |       5 |  22.7
        D:7 |     701 |     114 |  14.0 |      13 |       2 |  13.3
        D:8 |    2420 |       0 |   0.0 |      29 |       0 |   0.0
        D:9 |    1539 |       0 |   0.0 |      15 |       0 |   0.0
       D:10 |    2519 |    1544 |  38.0 |      24 |      30 |  55.6
     Lair:1 |    4367 |    3115 |  41.6 |      19 |      12 |  38.7
     Lair:2 |    2026 |     962 |  32.2 |       5 |       4 |  44.4
            +---------+---------+-------+---------+---------+-------
